 Dungeon Crawl Stone Soup version 0.17.1-3-g152610e (webtiles) character file.

46 Yevrel the Conjurer (level 3, -2/27 HPs)
             Began as a Demigod Conjurer on Apr 4, 2016.
             Slain by a gnoll
             ... wielding a +0 halberd
              (11 damage)
             ... on level 2 of the Dungeon.
             The game lasted 00:06:31 (1111 turns).

Yevrel the Conjurer (Demigod Conjurer)              Turns: 1111, Time: 00:06:31

Health: -2/27      AC:  5    Str: 11    XL:     3   Next: 26%
Magic:  4/8        EV: 11    Int: 21    God:
Gold:   48         SH:  0    Dex: 16    Spells: 2 memorised, 2 levels left

rFire  . . .     SeeInvis .     r - +0 long sword
rCold  . . .     Clarity  .     f - +0 ring mail
rNeg   . . .     SustAt   +     (no shield)
rPois  .         Gourm    .     (no helmet)
rElec  .         Spirit   .     (no cloak)
rCorr  .         Warding  .     (no gloves)
rMut   .         Stasis   .     (no boots)
MR     .....                    (no amulet)
Stlth  +.........               (no ring)
                                (no ring)

@: very slightly contaminated, not resistant to hostile enchantments, very
unstealthy
A: high mp 1, sustain attributes
a: no special abilities


You were on level 2 of the Dungeon.
You were not hungry.

You visited 1 branch of the dungeon, and saw 2 of its levels.

You collected 48 gold pieces.

Inventory:

Hand Weapons
 j - a +0 dagger
 r - a +0 long sword (weapon)
Armour
 a - a +0 robe
 f - a +0 ring mail (worn)
 g - a +0 plate armour
 m - a +0 shield
Scrolls
 e - 2 scrolls of remove curse {unknown}
 h - 2 scrolls of immolation {unknown}
 i - a scroll of teleportation {unknown}
 p - a scroll of identify {unknown}
Potions
 d - a potion of curing {unknown}
 n - 2 potions of ambrosia {unknown}
 q - a potion of haste {unknown}
 s - a potion of cancellation {unknown}
Books
 b - a book of Conjurations

   Spells                             Type                      Level
   a - Magic Dart                     Conjuration                  1
   b - Searing Ray                    Conjuration                  2
   c - Dazzling Spray                 Conjuration/Hexes            3
   d - Fulminant Prism                Conjuration/Hexes            4
   e - Iskenderun's Mystic Blast      Conjuration                  4
   f - Iskenderun's Battlesphere      Conjuration/Charms           5
Comestibles
 c - 3 bread rations
 k - 3 beef jerkies
 l - 2 meat rations
 o - 4 chunks of flesh


   Skills:
 * Level 0.6 Fighting
 + Level 0.1 Short Blades
 + Level 0.3 Armour
 + Level 2.0 Dodging
 - Level 1.7 Stealth
 + Level 0.3 Shields
 * Level 1.9 Spellcasting
 * Level 4.2 Conjurations


You had 2 spell levels left.
You knew the following spells:

 Your Spells              Type           Power        Failure   Level  Hunger
a - Magic Dart            Conj           ###.         10%         1    #......
b - Searing Ray           Conj           ###...       12%         2    ##.....


Dungeon Overview and Level Annotations

Branches:
Dungeon (2/15)


Innate Abilities, Weirdness & Mutations

You have an increased reservoir of magic (+10% MP).
Your attributes are resistant to harm.


Message History

Casting: Searing Ray
Confirm with . or Enter, or press ? or * to list all spells.
Aiming: Searing Ray
Press: ? - help, Shift-Dir - straight line, f - gnoll
Aim: a gnoll, wielding a halberd You miscast Searing Ray.
You are very lightly contaminated with residual magic.
Nothing appears to happen.
The gnoll hits you from afar with a halberd.
Some of the chunks of flesh in your inventory have rotted away.
The gnoll closely misses you.
Found a stone staircase leading up.
You barely miss the goblin. The goblin hits you but does no damage.
The gnoll closely misses you.
You hit the goblin.
You kill the goblin!
The gnoll hits you with a whip! The gnoll barely misses you.
You barely miss the gnoll. The gnoll hits you with a whip.
The gnoll hits you from afar with a halberd!
You die...

.. #######
...##.....##########
.....?......#......# # .
#..@..#.#......# #
...####g###.#......# #
<......g.##.#......#####
........................
.......!...........####.
........)...............
........................
...........#...(.####...
..........###...........


You could see 2 gnolls.

Vanquished Creatures
  A gnoll (D:2)
  An adder (D:2)
  2 giant geckos (D:2)
  2 giant cockroaches (D:1)
  5 goblins
  2 hobgoblins (D:1)
  2 kobolds
  2 ball pythons
  4 bats
  2 giant newts (D:1)
  3 rats (D:1)
26 creatures vanquished.

Notes
Turn   | Place    | Note
--------------------------------------------------------------
     0 | D:1      | Yevrel the Demigod Conjurer began the quest for the Orb.
     0 | D:1      | Reached XP level 1. HP: 14/14 MP: 5/5
   474 | D:1      | Reached skill level 4 in Conjurations
   474 | D:1      | Reached XP level 2. HP: 14/20 MP: 1/7
   889 | D:2      | Learned a level 2 spell: Searing Ray
   991 | D:2      | Found an ancient bone altar of Kikubaaqudgha.
  1033 | D:2      | Reached XP level 3. HP: 20/26 MP: 1/8
  1111 | D:2      | Slain by a gnoll

Action                   || total
-------------------------++-------
Melee: Dagger            ||    68
       Unarmed           ||     4
       Long sword        ||     5
 Cast: Magic Dart        ||    26
       Searing Ray       ||     2
  Eat: Chunk             ||     1
